|
||||||||||||||||||||||||||||||||||||||||||||||||||||||||||||||||||||||||||||||||||||||||||||||||||||||||||||||||||||||||||||||||||||||||||||||||||||||||||||||
| ||||||||||||||||||||||||||||||||||||||||||||||||||||||||||||||||||||||||||||||||||||||||||||||||||||||||||||||||||||||||||||||||||||||||||||||||||||||||||||||
Bottom of the 5th over - 0 runs, 0 hits, 0 errors, 0 left on base; Chattanooga 3 - Jackson 6 |
TOP OF THE 6TH | |
---|---|
Chattanooga Lookouts batting - Pitching for Jackson Generals : LHP Ben Burton | |
Pitching: RHP Ian Gaines | |
Batting: LHB Marshall Daul |
0-0: Swinging Strike 0-1: Swinging Strike 0-2: Ball 1-2: Foul Ball, location: 2F 1-2: Ball 2-2: Ball 3-2: SINGLE (Flyball, 9S, EV 87.5 MPH) |
Batting: LHB Shaun Price |
0-0: SINGLE (Line Drive, 9S, EV 109.4 MPH) Marshall Daul to second |
Batting: LHB Kuemon Shishido |
0-0: Ball 1-0: SINGLE (Groundball, 6M, EV 95.6 MPH) Marshall Daul to third Shaun Price to second Runner from 3rd tries for Home, SAFE, throw by CF to home |
Batting: RHB Michael McDonald |
0-0: Called Strike 0-1: Ball 1-1: Foul Ball, location: 2F 1-2: Strikes out swinging |
Batting: LHB David Campbell |
0-0: Ball 1-0: Ball 2-0: DOUBLE (Line Drive, 78D, EV 110.6 MPH) Shaun Price scores Kuemon Shishido to third |
Batting: LHB Brian Wagner |
0-0: Foul Ball, location: 2F 0-1: Foul Ball, location: 2F 0-2: Strikes out swinging |
Pinch Hitting: LHB Jayden Thomas |
0-0: Ball 1-0: Ball 2-0: Swinging Strike 2-1: Fly out, F9 (Flyball, 9LM, EV 91.2 MPH) |
Top of the 6th over - 2 runs, 4 hits, 0 errors, 2 left on base; Chattanooga 5 - Jackson 6 |
BOTTOM OF THE 6TH | |
---|---|
Jackson Generals batting - Pitching for Chattanooga Lookouts : LHP Ryan Rakoff | |
Now in LF: Jayden Thomas | |
Batting: LHB Matt Hepburn |
0-0: Called Strike 0-1: Foul Ball, location: 2F 0-2: Strikes out swinging |
Batting: RHB Enrique Valdez |
0-0: Called Strike 0-1: Swinging Strike 0-2: Fly out, F9 (Flyball, 9LMF, EV 110.0 MPH) |
Batting: LHB Addisu Nyamekye |
0-0: Foul Ball, location: 2F 0-1: Ball 1-1: Ball 2-1: Foul Ball, location: 2F 2-2: Ball 3-2: SINGLE (Line Drive, 56D, EV 100.0 MPH) |
Pitching: RHP Jose Marrero | |
Batting: RHB Chris Skaff |
0-0: Foul Ball, location: 2F 0-1: Ball 1-1: Foul Ball, location: 2F 1-2: Foul Ball, location: 2F 1-2: Ball 2-2: Ball 3-2: Hit by Pitch Addisu Nyamekye to second |
Batting: RHB Kinzo Yokoyama |
0-0: Ball 1-0: Called Strike 1-1: Ball 2-1: DOUBLE (Line Drive, 3D, EV 105.6 MPH) Addisu Nyamekye scores Chris Skaff to third |
Batting: LHB Chris Jackson | 0-0: Intentional Walk |
Batting: RHB Jose Zuniga |
0-0: Called Strike 0-1: Called Strike 0-2: Foul Ball, location: 2F 0-2: Foul Ball, location: 2F 0-2: Strikes out swinging |
Bottom of the 6th over - 1 run, 2 hits, 0 errors, 3 left on base; Chattanooga 5 - Jackson 7 |
TOP OF THE 7TH | |
---|---|
Chattanooga Lookouts batting - Pitching for Jackson Generals : RHP Ian Gaines | |
Batting: RHB Manuel Juarez |
0-0: Ball 1-0: Called Strike 1-1: Ball 2-1: Foul Ball, location: 2F 2-2: SINGLE (Groundball, 56, EV 104.4 MPH) |
Batting: SHB Matt Urbani |
0-0: Ball Manuel Juarez is caught stealing 2nd base 2-6 1-0: Ball 2-0: Ball 3-0: Called Strike 3-1: Base on Balls |
Batting: LHB Marshall Daul |
0-0: Called Strike 0-1: Ball Matt Urbani steals 2nd base 1-1: Ball 2-1: Ball 3-1: Base on Balls |
Batting: LHB Shaun Price |
0-0: Fielders Choice at 2nd, 6-4 (Groundball, 6M, EV 81.9 MPH) Matt Urbani to third |
Batting: LHB Kuemon Shishido | 0-0: Ground out 1-3 (Groundball, 13S, EV 61.9 MPH) |
Top of the 7th over - 0 runs, 1 hit, 0 errors, 2 left on base; Chattanooga 5 - Jackson 7 |
BOTTOM OF THE 7TH | |
---|---|
Jackson Generals batting - Pitching for Chattanooga Lookouts : RHP Jose Marrero | |
Pitching: RHP Willie Romero | |
Batting: RHB Chris Van Niel |
0-0: Ball 1-0: Called Strike 1-1: Foul Ball, location: 2F 1-2: Ball 2-2: Strikes out swinging |
Batting: LHB Brent Dutcher |
0-0: Ball 1-0: Ball 2-0: Ball 3-0: Base on Balls |
Batting: LHB Matt Hepburn |
0-0: Ball 1-0: Ball 2-0: Called Strike 2-1: Called Strike 2-2: Strikes out swinging |
Batting: RHB Enrique Valdez |
0-0: Ball 1-0: Ball 2-0: Called Strike 2-1: Ball 3-1: Called Strike 3-2: SINGLE (Groundball, 56D, EV 98.1 MPH) Brent Dutcher to second Brent Dutcher to third |
Batting: LHB Addisu Nyamekye |
0-0: Foul Ball, location: 2F 0-1: Ball 1-1: Ball 2-1: SINGLE (Groundball, 6D, EV 101.2 MPH) Brent Dutcher scores Enrique Valdez to second |
Batting: RHB Chris Skaff |
0-0: Called Strike 0-1: Ball 1-1: Called Strike 1-2: Ball Wild Pitch! Enrique Valdez to third Addisu Nyamekye to second 2-2: Strikes out swinging |
Bottom of the 7th over - 1 run, 2 hits, 0 errors, 2 left on base; Chattanooga 5 - Jackson 8 |
TOP OF THE 8TH | |
---|---|
Chattanooga Lookouts batting - Pitching for Jackson Generals : RHP Ian Gaines | |
Pitching: RHP Eduardo Arlarcon | |
Batting: RHB Michael McDonald |
0-0: Ball 1-0: Ball 2-0: Foul Ball, location: 2F 2-1: Ball 3-1: Base on Balls |
Batting: LHB David Campbell |
0-0: Ball 1-0: Foul Ball, location: 2F 1-1: Swinging Strike 1-2: Foul Ball, location: 2F 1-2: Ball 2-2: SINGLE (Line Drive, 6D, EV 98.1 MPH) Michael McDonald to second |
Batting: LHB Brian Wagner |
0-0: Ball 1-0: Swinging Strike 1-1: Swinging Strike 1-2: Ball 2-2: Strikes out looking |
Batting: LHB Jayden Thomas |
0-0: Ball 1-0: Ball 2-0: SINGLE (Line Drive, 3D, EV 98.8 MPH) Michael McDonald to third David Campbell to second |
Batting: RHB Manuel Juarez |
0-0: Called Strike 0-1: Foul Ball, location: 2F 0-2: Ball Wild Pitch! Michael McDonald scores David Campbell to third Jayden Thomas to second 1-2: Foul Ball, location: 2F 1-2: Ball 2-2: Foul Ball, location: 2F 2-2: Foul Ball, location: 2F 2-2: Ball 3-2: SINGLE (Line Drive, 6D, EV 96.2 MPH) David Campbell scores Jayden Thomas to third |
Batting: SHB Matt Urbani |
0-0: Called Strike Manuel Juarez steals 2nd base 0-1: Ball 1-1: Foul Ball, location: 2F 1-2: Foul Ball, location: 2F 1-2: Ball 2-2: Foul Ball, location: 2F 2-2: Fly out, F8 (Flyball, 8RM, EV 88.1 MPH) |
Batting: LHB Marshall Daul |
0-0: Ball 1-0: Ball 2-0: Foul Ball, location: 2F 2-1: Called Strike 2-2: SINGLE (Groundball, 4D, EV 98.1 MPH) Jayden Thomas scores Manuel Juarez to third Runner from 3rd tries for Home, throw by RF and OUT! 9-2 |
Top of the 8th over - 3 runs, 4 hits, 0 errors, 1 left on base; Chattanooga 8 - Jackson 8 |
BOTTOM OF THE 8TH | |
---|---|
Jackson Generals batting - Pitching for Chattanooga Lookouts : RHP Willie Romero | |
Pitching: RHP Justin Gorden | |
Batting: RHB Kinzo Yokoyama |
0-0: Ball 1-0: Ball 2-0: Ball 3-0: Called Strike 3-1: Reached on error, E5 (Groundball, 56, EV 108.1 MPH) |
Batting: LHB Chris Jackson | 0-0: Intentional Walk |
Batting: RHB Jose Zuniga |
0-0: Ball 1-0: Ball 2-0: Foul Ball, location: 2F 2-1: Fly out, F8 (Flyball, 8RD, EV 90.0 MPH) |
Pinch Hitting: LHB Jason Kinney |
0-0: Ball 1-0: Ball 2-0: 3-RUN HOME RUN (Flyball, 89XD, EV 105.6 MPH), Distance : 428 ft |
Batting: LHB Brent Dutcher |
0-0: Ball 1-0: Ground out 3-1 (Groundball, 13, EV 80.6 MPH) |
Batting: LHB Matt Hepburn |
0-0: Foul Ball, location: 2F 0-1: Foul Ball, location: 2F 0-2: Foul Ball, location: 2F 0-2: SINGLE (Line Drive, 9LS, EV 105.0 MPH) |
Batting: RHB Enrique Valdez |
0-0: Ball 1-0: Foul Ball, location: 2F 1-1: Foul Ball, location: 2F 1-2: Strikes out swinging |
Bottom of the 8th over - 3 runs, 2 hits, 1 error, 1 left on base; Chattanooga 8 - Jackson 11 |
TOP OF THE 9TH | |
---|---|
Chattanooga Lookouts batting - Pitching for Jackson Generals : RHP Eduardo Arlarcon | |
Pitching: RHP Dave Williams | |
Now at 2B: Paul Shell | |
Now at 3B: Enrique Valdez | |
Batting: LHB Shaun Price | 0-0: Hit by Pitch |
Batting: LHB Kuemon Shishido |
0-0: Called Strike 0-1: Called Strike 0-2: Fly out, F8 (Flyball, 89M, EV 78.1 MPH) |
Batting: RHB Michael McDonald |
0-0: Foul Ball, location: 2F 0-1: Foul Ball, location: 2F 0-2: Ball 1-2: Strikes out swinging |
Batting: LHB David Campbell |
0-0: Called Strike 0-1: Ball 1-1: Ball 2-1: Called Strike 2-2: Ground out 4-3 (Groundball, 4, EV 83.1 MPH) |
Top of the 9th over - 0 runs, 0 hits, 0 errors, 1 left on base; Chattanooga 8 - Jackson 11 |
Sunday, July 16th , 2023 - OOTP Baseball 24.6 Build 69 |